MLB
CHICAGO WHITE SOX @ BALTIMORE ORIOLES
10/04/2098
 
TOP OF THE 1ST
Chicago White Sox batting - Pitching for Baltimore Orioles : LHP Steve Whiteside
Pitching: LHP Steve Whiteside
Batting: RHB Greg Bates 0-0: Ball
1-0: Called Strike
1-1: Fly out, F2 (Popup, 23F, EV 88.8 MPH)
Batting: RHB Butch Arnett 0-0: Called Strike
0-1: Ball
1-1: Called Strike
1-2: Ball
2-2: Foul Ball, location: 9LMF
2-2: SINGLE (Line Drive, 7S, EV 86.9 MPH)
Batting: RHB Joey Aimone 0-0: Ball
1-0: Foul Ball, location: 2F
1-1: Ball
2-1: Ball
3-1: Swinging Strike
3-2: Base on Balls
Butch Arnett to second
Batting: LHB Dan Roos 0-0: Called Strike
0-1: Hit by Pitch
Butch Arnett to third
Joey Aimone to second
Batting: RHB John Kofoid 0-0: Ball
1-0: Fly out, F9 (Flyball, 9, EV 87.5 MPH)
Runner from 3rd tags up, SCORES, throw by RF
Joey Aimone to third
Batting: RHB Luis Marquina 0-0: Ball
1-0: Ball
2-0: SINGLE (Groundball, 4MD, EV 108.8 MPH)
Joey Aimone scores
Dan Roos to second
Runner from 2nd tries for 3rd, OUT! 8-5
Top of the 1st over - 2 runs, 2 hits, 0 errors, 1 left on base; Chicago 2 - Baltimore 0
BOTTOM OF THE 1ST
Baltimore Orioles batting - Pitching for Chicago White Sox : RHP Hector Canadas
Pitching: RHP Hector Canadas
Batting: LHB Jeremy Marshall 0-0: Called Strike
0-1: Ball
1-1: DOUBLE (Line Drive, 8RXD, EV 102.5 MPH)
Batting: LHB Jerry Peterson 0-0: Ball
1-0: Ball
2-0: SINGLE (Groundball, 6MD, EV 108.8 MPH)
Jeremy Marshall to third
Runner from 3rd tries for Home, SAFE, throw by CF to home
Batting: RHB Eduardo Lopez 0-0: Called Strike
0-1: Called Strike
0-2: Ball
1-2: Strikes out looking
Batting: RHB Jonathan Skye 0-0: Called Strike
0-1: Fly out, F7 (Flyball, S1, EV 110.6 MPH)
Batting: LHB Kenny West 0-0: Ball
Jerry Peterson steals 2nd base
1-0: Ground out 4-3 (Groundball, 4, EV 87.5 MPH)
Bottom of the 1st over - 1 run, 2 hits, 0 errors, 1 left on base; Chicago 2 - Baltimore 1
TOP OF THE 2ND
Chicago White Sox batting - Pitching for Baltimore Orioles : LHP Steve Whiteside
Batting: RHB Chris Hodges 0-0: Fly out, F3 (Popup, 3F, EV 66.9 MPH)
Batting: RHB Cory Gilmore 0-0: Ball
1-0: Swinging Strike
1-1: Ball
2-1: Ball
3-1: Ground out 6-3 (Groundball, 6, EV 78.8 MPH)
Batting: RHB Vinny Figueroa 0-0: Foul Ball, location: 5FF
0-1: Ball
1-1: Swinging Strike
1-2: Ball
2-2: Fly out, F9 (Line Drive, 9, EV 83.1 MPH)
Top of the 2nd over - 0 runs, 0 hits, 0 errors, 0 left on base; Chicago 2 - Baltimore 1
BOTTOM OF THE 2ND
Baltimore Orioles batting - Pitching for Chicago White Sox : RHP Hector Canadas
Batting: LHB Dave Schwabe 0-0: Ball
1-0: Swinging Strike
1-1: Ball
2-1: Foul Ball, location: 7LMF
2-2: Ball
3-2: Strikes out swinging
Batting: RHB Travis Darling 0-0: Ball
1-0: Fly out, F9 (Flyball, 9S, EV 72.5 MPH)
Batting: RHB Danny Haner 0-0: Called Strike
0-1: Ball
1-1: Hit by Pitch
Batting: RHB Ed Pollock 0-0: Ball
1-0: Foul Ball, location: 9LSF
1-1: Called Strike
1-2: Ball
2-2: Fly out, F3 (Popup, 34S, EV 76.3 MPH)
Bottom of the 2nd over - 0 runs, 0 hits, 0 errors, 1 left on base; Chicago 2 - Baltimore 1
TOP OF THE 3RD
Chicago White Sox batting - Pitching for Baltimore Orioles : LHP Steve Whiteside
Batting: RHB Greg Bates 0-0: Called Strike
0-1: Ball
1-1: Called Strike
1-2: Ball
2-2: Foul Ball, location: 3F
2-2: SINGLE (Line Drive, 9S, EV 100.6 MPH)
Batting: RHB Butch Arnett 0-0: Ball
1-0: Ball
2-0: Foul Ball, location: 7LMF
2-1: Called Strike
2-2: Ball
3-2: Fly out, F9 (Flyball, 9LSF, EV 93.1 MPH)
Batting: RHB Joey Aimone 0-0: Called Strike
0-1: Called Strike
0-2: SINGLE (Line Drive, 8RS, EV 88.1 MPH)
Greg Bates to second
Batting: LHB Dan Roos 0-0: Fly out, F7 (Flyball, 78M, EV 98.1 MPH)
Batting: RHB John Kofoid 0-0: Called Strike
0-1: Ball
1-1: Ball
2-1: Called Strike
2-2: DOUBLE (Line Drive, 7LD, EV 99.4 MPH)
Greg Bates scores
Joey Aimone to third
Batting: RHB Luis Marquina 0-0: Ball
1-0: Ball
2-0: Called Strike
2-1: Swinging Strike
2-2: 3-RUN HOME RUN (Flyball, 78XD, EV 106.3 MPH), Distance : 393 ft
Pitching: RHP Justin Flowers
Batting: RHB Chris Hodges 0-0: Called Strike
0-1: Foul Ball, location: 9LDF
0-2: Ball
1-2: Foul Ball, location: 23F
1-2: Strikes out swinging
Top of the 3rd over - 4 runs, 4 hits, 0 errors, 0 left on base; Chicago 6 - Baltimore 1
BOTTOM OF THE 3RD
Baltimore Orioles batting - Pitching for Chicago White Sox : RHP Hector Canadas
Batting: LHB Jeremy Marshall 0-0: Foul Ball, location: 2F
0-1: Foul Ball, location: 9LMF
0-2: Strikes out swinging
Batting: LHB Jerry Peterson 0-0: Called Strike
0-1: Swinging Strike
0-2: Foul Ball, location: 3F
0-2: Strikes out looking
Batting: RHB Eduardo Lopez 0-0: Ball
1-0: Called Strike
1-1: Foul Ball, location: 3SF
1-2: Ground out U3 (Groundball, 34, EV 106.3 MPH)
Bottom of the 3rd over - 0 runs, 0 hits, 0 errors, 0 left on base; Chicago 6 - Baltimore 1
TOP OF THE 4TH
Chicago White Sox batting - Pitching for Baltimore Orioles : RHP Justin Flowers
Batting: RHB Cory Gilmore 0-0: Ball
1-0: Swinging Strike
1-1: Called Strike
1-2: Strikes out swinging
Batting: RHB Vinny Figueroa 0-0: Ball
1-0: Ground out 4-3 (Groundball, 4S, EV 85.6 MPH)
Batting: RHB Greg Bates 0-0: Ball
1-0: Called Strike
1-1: Fly out, F9 (Flyball, 9S, EV 80.6 MPH)
Top of the 4th over - 0 runs, 0 hits, 0 errors, 0 left on base; Chicago 6 - Baltimore 1
BOTTOM OF THE 4TH
Baltimore Orioles batting - Pitching for Chicago White Sox : RHP Hector Canadas
Batting: RHB Jonathan Skye 0-0: Ground out 6-3 (Groundball, 6, EV 82.5 MPH)
Batting: LHB Kenny West 0-0: Ball
1-0: Ball
2-0: Fly out, F9 (Flyball, 89S, EV 93.8 MPH)
Batting: LHB Dave Schwabe 0-0: Swinging Strike
0-1: Called Strike
0-2: Ball
1-2: Ball
2-2: SINGLE (Flyball, 8RS, EV 87.5 MPH)
Batting: RHB Travis Darling 0-0: Hit by Pitch
Dave Schwabe to second
Batting: RHB Danny Haner 0-0: Ball
1-0: Ball
2-0: Called Strike
2-1: Fly out, F8 (Flyball, 8RXD, EV 103.8 MPH)
Bottom of the 4th over - 0 runs, 1 hit, 0 errors, 2 left on base; Chicago 6 - Baltimore 1
TOP OF THE 5TH
Chicago White Sox batting - Pitching for Baltimore Orioles : RHP Justin Flowers
Batting: RHB Butch Arnett 0-0: Ball
1-0: Ball
2-0: Ball
3-0: Foul Ball, location: 9LSF
3-1: Foul Ball, location: 23F
3-2: Strikes out swinging
Batting: RHB Joey Aimone 0-0: Fly out, F6 (Popup, 6MS, EV 66.3 MPH)
Batting: LHB Dan Roos 0-0: Fly out, F9 (Flyball, 9, EV 86.3 MPH)
Top of the 5th over - 0 runs, 0 hits, 0 errors, 0 left on base; Chicago 6 - Baltimore 1
BOTTOM OF THE 5TH
Baltimore Orioles batting - Pitching for Chicago White Sox : RHP Hector Canadas
Batting: RHB Ed Pollock 0-0: Ball
1-0: Swinging Strike
1-1: Ground out 5-3 (Groundball, 5, EV 104.4 MPH)
Batting: LHB Jeremy Marshall 0-0: Called Strike
0-1: Fly out, F4 (Line Drive, 4, EV 75.0 MPH)
Batting: LHB Jerry Peterson 0-0: Called Strike
0-1: Foul Ball, location: 2F
0-2: Fly out, F8 (Flyball, 8RXD, EV 85.0 MPH)
Bottom of the 5th over - 0 runs, 0 hits, 0 errors, 0 left on base; Chicago 6 - Baltimore 1
TOP OF THE 6TH
Chicago White Sox batting - Pitching for Baltimore Orioles : RHP Justin Flowers
Batting: RHB John Kofoid 0-0: Ball
1-0: SINGLE (Groundball, 34D, EV 101.9 MPH)
Batting: RHB Luis Marquina 0-0: Ball
1-0: Foul Ball, location: 9LMF
1-1: Foul Ball, location: 2F
1-2: Foul Ball, location: 23F
1-2: Foul Ball, location: 2F
1-2: Foul Ball, location: 2F
1-2: Ball
2-2: Fly out, F7 (Flyball, 78XD, EV 110.0 MPH)
Pitching: RHP Brent Brzezinski
Batting: RHB Chris Hodges 0-0: Ball
1-0: Fly out, F3 (Popup, 23F, EV 79.4 MPH)
Batting: RHB Cory Gilmore 0-0: Fly out, F9 (Flyball, 89M, EV 88.1 MPH)
Top of the 6th over - 0 runs, 1 hit, 0 errors, 1 left on base; Chicago 6 - Baltimore 1
BOTTOM OF THE 6TH
Baltimore Orioles batting - Pitching for Chicago White Sox : RHP Hector Canadas
Batting: RHB Eduardo Lopez 0-0: Called Strike
0-1: Ball
1-1: Swinging Strike
1-2: Ball
2-2: Strikes out swinging
Batting: RHB Jonathan Skye 0-0: Ball
1-0: Called Strike
1-1: Called Strike
1-2: Strikes out swinging
Batting: LHB Kenny West 0-0: Ball
1-0: Ball
2-0: Swinging Strike
2-1: Called Strike
2-2: Strikes out swinging
Bottom of the 6th over - 0 runs, 0 hits, 0 errors, 0 left on base; Chicago 6 - Baltimore 1
TOP OF THE 7TH
Chicago White Sox batting - Pitching for Baltimore Orioles : RHP Brent Brzezinski
Batting: RHB Vinny Figueroa 0-0: Ball
1-0: Called Strike
1-1: Ball
2-1: Called Strike
2-2: Ball
3-2: Base on Balls
Batting: RHB Greg Bates 0-0: Called Strike
0-1: Swinging Strike
0-2: Foul Ball, location: 2F
0-2: Ball
1-2: Ball
2-2: Ball
3-2: Base on Balls
Vinny Figueroa to second
Batting: RHB Butch Arnett 0-0: Ball
1-0: Foul Ball, location: 7LSF
1-1: Ball
2-1: Called Strike
2-2: DOUBLE (Flyball, 8LXD, EV 111.9 MPH)
Vinny Figueroa scores
Greg Bates to third
Batting: RHB Joey Aimone 0-0: Swinging Strike
0-1: Ball
1-1: Ball
2-1: Called Strike
2-2: Foul Ball, location: 2F
2-2: Strikes out looking
Batting: LHB Dan Roos 0-0: Ground out 4-3 (Groundball, 34D, EV 99.4 MPH)
Greg Bates scores
Butch Arnett to third
Pinch Hitting: RHB Jose Delgado 0-0: Ball
1-0: Ground out 5-3 (Groundball, 5, EV 103.1 MPH)
Top of the 7th over - 2 runs, 1 hit, 0 errors, 1 left on base; Chicago 8 - Baltimore 1
BOTTOM OF THE 7TH
Baltimore Orioles batting - Pitching for Chicago White Sox : RHP Hector Canadas
Now at 1B: Butch Arnett
Now at 3B: Jose Delgado
Batting: LHB Dave Schwabe 0-0: Swinging Strike
0-1: Ball
1-1: Fly out, F9 (Flyball, 89S, EV 85.6 MPH)
Batting: RHB Travis Darling 0-0: Ball
1-0: Ground out 3-1 (Groundball, 34S, EV 76.9 MPH)
Batting: RHB Danny Haner 0-0: Ground out 6-3 (Groundball, 6S, EV 85.6 MPH)
Bottom of the 7th over - 0 runs, 0 hits, 0 errors, 0 left on base; Chicago 8 - Baltimore 1
TOP OF THE 8TH
Chicago White Sox batting - Pitching for Baltimore Orioles : RHP Brent Brzezinski
Pitching: RHP Brandon Alexander
Batting: RHB Luis Marquina 0-0: Called Strike
0-1: Foul Ball, location: 2F
0-2: Ball
1-2: Ball
2-2: Ball
3-2: Base on Balls
Batting: RHB Chris Hodges 0-0: Ball
1-0: Ground out 4-3 (Groundball, 4M, EV 97.5 MPH)
Luis Marquina to second
Batting: RHB Cory Gilmore 0-0: Called Strike
0-1: Ball
1-1: Foul Ball, location: 25F
1-2: Fly out, F9 (Flyball, 9S, EV 83.1 MPH)
Batting: RHB Vinny Figueroa 0-0: Swinging Strike
0-1: Ball
1-1: Foul Ball, location: 2F
1-2: Ball
2-2: Ground out 1-3 (Groundball, 15, EV 70.0 MPH)
Top of the 8th over - 0 runs, 0 hits, 0 errors, 1 left on base; Chicago 8 - Baltimore 1
BOTTOM OF THE 8TH
Baltimore Orioles batting - Pitching for Chicago White Sox : RHP Hector Canadas
Pinch Hitting: LHB Nate Wagner 0-0: Called Strike
0-1: Ball
1-1: Hit by Pitch
Batting: LHB Jeremy Marshall 0-0: Called Strike
0-1: Foul Ball, location: 2LF
0-2: Ball
1-2: Ball
2-2: Fielders Choice at 2nd, 4-6 (Groundball, 4, EV 100.0 MPH)
Batting: LHB Jerry Peterson 0-0: Swinging Strike
0-1: Ball
1-1: Ball
2-1: Ground out 4-3 (Groundball, 4, EV 63.8 MPH)
Jeremy Marshall to second
Pitching: RHP Tony Wallace
Batting: RHB Eduardo Lopez 0-0: Swinging Strike
0-1: Swinging Strike
0-2: Ball
1-2: Strikes out looking
Bottom of the 8th over - 0 runs, 0 hits, 0 errors, 1 left on base; Chicago 8 - Baltimore 1
TOP OF THE 9TH
Chicago White Sox batting - Pitching for Baltimore Orioles : RHP Brandon Alexander
Now at SS: Lee Board
Batting: RHB Greg Bates 0-0: Swinging Strike
0-1: Swinging Strike
0-2: Ball
1-2: Ball
2-2: Ball
3-2: SINGLE (Line Drive, 8RS, EV 88.8 MPH)
Batting: RHB Butch Arnett 0-0: Ball
1-0: Swinging Strike
1-1: Called Strike
1-2: Ball
2-2: Foul Ball, location: 9LDF
2-2: SINGLE (Groundball, 4D, EV 103.8 MPH)
Greg Bates to second
Batting: RHB Joey Aimone 0-0: DOUBLE (Groundball, 5D, EV 110.0 MPH)
Greg Bates scores
Butch Arnett to third
Pitching: RHP Jared Norton
Batting: LHB Dan Roos 0-0: Called Strike
0-1: Ball
1-1: SINGLE (Line Drive, 6D, EV 107.5 MPH)
Butch Arnett scores
Joey Aimone to third
Pinch Hitting: LHB Tim Eaton 0-0: Ball
1-0: Swinging Strike
1-1: Foul Ball, location: 23F
1-2: Strikes out swinging
Batting: RHB Luis Marquina 0-0: Swinging Strike
0-1: Ball
1-1: Fly out, F9 (Line Drive, 89S, EV 95.6 MPH)
Lined into DP, 9-5 (Line Drive, 89S, EV 95.6 MPH)
Top of the 9th over - 2 runs, 4 hits, 0 errors, 1 left on base; Chicago 10 - Baltimore 1
BOTTOM OF THE 9TH
Baltimore Orioles batting - Pitching for Chicago White Sox : RHP Tony Wallace
Now at 3B: Josh Densmore
Batting: RHB Jonathan Skye 0-0: Ground out 3-1 (Groundball, 34, EV 92.5 MPH)
Batting: LHB Kenny West 0-0: Ball
1-0: Called Strike
1-1: Fly out, F7 (Flyball, 7, EV 71.3 MPH)
Batting: LHB Dave Schwabe 0-0: Ball
1-0: Swinging Strike
1-1: Foul Ball, location: 2F
1-2: Ball
2-2: Foul Ball, location: 25F
2-2: Strikes out swinging
Bottom of the 9th over - 0 runs, 0 hits, 0 errors, 0 left on base; Chicago 10 - Baltimore 1
Tuesday, April 16th , 2024 - OOTP Baseball 24.11 Build 85